 Dungeon Crawl Stone Soup version 0.18.1-50-g88ac8fd (webtiles) character file.

182 go0n the Sneak (level 5, -13/36 HPs)
             Began as an Octopode Assassin on Sept 15, 2016.
             Mangled by Menkaure (23 damage)
             ... on level 4 of the Dungeon.
             The game lasted 00:16:35 (2221 turns).

go0n the Sneak (Octopode Assassin)                  Turns: 2221, Time: 00:16:36

Health: -13/36     AC:  1    Str: 10    XL:     5   Next: 62%
Magic:  4/5        EV: 11    Int: 14    God:
Gold:   170        SH:  0    Dex: 14    Spells: 1 memorised, 3 levels left

rFire  . . .     SeeInvis .     g - +3 dagger (speed)
rCold  . . .     Gourm    .     (no shield)
rNeg   . . .     Faith    .     (helmet restricted)
rPois  +         Spirit   .     (no amulet)
rElec  .         Dismiss  .     q - ring of resist corrosion
rCorr  +         Reflect  .     o - +3 ring of evasion
SustAt .         Harm     .     r - +2 ring of slaying
MR     .....     Rnd*Tele +     (no ring)
Stlth  +++++.....               (no ring)
                                (no ring)
                                (no ring)
                                (no ring)

@: very slightly contaminated, not resistant to hostile enchantments, quite
stealthy
A: almost no armour, amphibious, 8 rings, constrict 8, camouflage 1, poison
resistance, teleportitis 1, gelatinous body 1, MP-powered wands
a: no special abilities


You were on level 4 of the Dungeon.
You were not hungry.

You visited 1 branch of the dungeon, and saw 4 of its levels.

You collected 170 gold pieces.

Inventory:

Hand Weapons
 a - a +2 dagger
 b - a +0 blowgun
 g - a +3 dagger of speed (weapon)
 h - a +1 short sword of venom
 y - a +0 arbalest
Missiles
 c - 33 poisoned needles
 d - 2 curare-tipped needles
 k - 19 bolts
Jewellery
 o - a +3 ring of evasion (right tentacle)
 q - a ring of resist corrosion (left tentacle)
 r - a +2 ring of slaying (on tentacle)
Wands
 w - a wand of flame (14/48)
Scrolls
 e - 5 scrolls of identify {unknown}
 l - 2 scrolls of teleportation {unknown}
 m - a scroll of fear {unknown}
 p - a scroll of fog {unknown}
 s - a scroll of magic mapping {unknown}
 t - a scroll of immolation {unknown}
 u - 2 scrolls of remove curse
Potions
 n - a potion of haste {unknown}
 v - a potion of agility {unknown}
 z - a potion of lignification {unknown}
Books
 x - a book of Beasts

   Spells                             Type                      Level
   a - Summon Butterflies             Summoning                    1
   b - Call Canine Familiar           Summoning                    3
   c - Summon Ice Beast               Ice/Summoning                4
   d - Summon Mana Viper              Hexes/Summoning              5
   e - Summon Hydra                   Summoning                    7
Comestibles
 f - 2 bread rations
 j - 2 meat rations
 A - a royal jelly


   Skills:
 + Level 3.2 Fighting
 + Level 3.0 Short Blades
 - Level 2.1 Throwing
 + Level 3.2 Dodging
 - Level 6.2 Stealth
 + Level 0.1 Spellcasting


You had 3 spell levels left.
You knew the following spells:

 Your Spells              Type           Power        Failure   Level  Hunger
a - Summon Butterflies    Summ           #.......     30%         1    ##.....


Dungeon Overview and Level Annotations

Branches:
Dungeon (4/15)
 Temple: D:4-7

Altars:

Annotations:
D:4 Menkaure


Innate Abilities, Weirdness & Mutations

You cannot wear most types of armour.
You are amphibious.
You can wear up to eight rings at the same time.
You can use your tentacles to constrict eight enemies at once.
Your skin changes colour to match your surroundings (Stealth).
Your rubbery body absorbs attacks (AC +1).
Your system is resistant to poisons.
You are occasionally teleported next to monsters.
You expend magic power (3 MP) to strengthen your wands.


Message History

You constrict Menkaure, but do no damage.
You hit Menkaure.
Menkaure is moderately damaged.
You constrict Menkaure. Menkaure misses you.
The gnoll shaman misses your butterfly. The gnoll hits your butterfly.
Your butterfly dies!
You release your grip on Menkaure.
The gnoll shaman barely misses your butterfly.
The gnoll misses your butterfly. The gnoll hits you with a flail.
Menkaure calls on the powers of darkness!
The gnoll convulses!
Your body is wracked with pain!
* * * LOW HITPOINT WARNING * * *
The gnoll convulses!
The gnoll shaman convulses!
The gnoll convulses! x2
The gnoll shaman completely misses your butterfly.
The gnoll completely misses your butterfly.
There is a stone staircase leading up here.
Menkaure hums, "It doesn't hurt if you pull your brain out of your nose yourself."
Menkaure hits you!!
Ouch! That really hurt!
You die...

##.)##
#..#
#....##
###
#.....##
#....g.#
#..ggg.##
##.b....#
#......##
##gM....#
#.@...##
##....#
##..##
##.# ###


You could see Menkaure, a gnoll shaman and 4 gnolls.

Vanquished Creatures
  Crazy Yiuf (D:3)
  An orc wizard (D:3)
  Terence (D:3)
  2 adders
  A gnoll (D:4)
  An ooze (D:1)
  A worm (D:2)
  2 dart slugs
  A giant gecko (D:2)
  4 orcs (D:3)
  3 giant cockroaches (D:2)
  3 goblins
  6 hobgoblins
  6 jackals (D:1)
  2 quokkas
  A ball python (D:3)
  4 bats
  3 giant newts
  8 kobolds
  7 rats
58 creatures vanquished.

Notes
Turn   | Place    | Note
--------------------------------------------------------------
     0 | D:1      | go0n the Octopode Assassin began the quest for the Orb.
     0 | D:1      | Reached XP level 1. HP: 14/14 MP: 1/1
   361 | D:1      | Reached XP level 2. HP: 13/19 MP: 2/2
   542 | D:1      | Reached skill level 6 in Stealth
   754 | D:2      | Reached XP level 3. HP: 21/24 MP: 3/3
  1427 | D:2      | Reached XP level 4. HP: 30/30 MP: 4/4
  1751 | D:3      | Noticed Terence
  1766 | D:3      | Killed Terence
  1766 | D:3      | Reached XP level 5. HP: 36/36 MP: 5/5
  1905 | D:3      | Noticed Crazy Yiuf
  1913 | D:3      | Killed Crazy Yiuf
  2042 | D:3      | Learned a level 1 spell: Summon Butterflies
  2186 | D:4      | Noticed Menkaure
  2204 | D:4      | Gained mutation: You expend magic power (3 MP) to strengthen your wands. [potion of mutation]
  2204 | D:4      | Gained mutation: Your system is resistant to poisons. [potion of mutation]
  2204 | D:4      | Gained mutation: You are occasionally teleported next to monsters. [potion of mutation]
  2221 | D:4      | Mangled by Menkaure

Skill      XL: |  1  2  3  4  5 |
---------------+----------------+-----
Stealth        | 6 |  6.2
Dodging        | 2 3 |  3.2
Fighting       | 3 |  3.2
Short Blades   | 3 |  3.0
Throwing       | |  2.1
Spellcasting   | |  0.1

Action                   |  1- 3 |  4- 6 || total
-------------------------+-------+-------++-------
Melee: Dagger            |    70 |    41 ||   111
       Constrict         |    17 |     7 ||    24
       Short sword       |     3 |       ||     3
       Tentacles         |     7 |     8 ||    15
 Fire: Blowgun           |     7 |    10 ||    17
       Arbalest          |       |     4 ||     4
 Cast: Summon Butterflie |       |     1 ||     1
  Use: Scroll            |       |     5 ||     5
       Potion            |       |     1 ||     1
 Stab: Sleeping          |     4 |     7 ||    11
       Distracted        |     1 |       ||     1
  Eat: Meat ration       |     1 |       ||     1
Armor: Skin              |     4 |     4 ||     8
Dodge: Dodged            |    35 |    23 ||    58
